Map: Tokamak LE

Players

ManlyManMeat - Winner!

  • Race: Zerg Zerg
  • League: Diamond
  • Spawn Location: 7:00

WaLiaN

  • Race: Terran Terran
  • League: Diamond
  • Spawn Location: 1:00

VOD

Have the link to the VOD?

Description

Time

  • Played on: July 6, 2025, 8:34 a.m.
  • Length: 10:05
Show
View Real Time Build Order
Export as new Build Order

ManlyManMeat Zerg - Winner!

Build Orders: Hatch First 

Get SALT Encoding   

  12  0:00  Drone  
  13  0:08  Drone  
  13  0:13  Extractor  
  13  0:15  Drone  
  15  0:22  Overlord  
  15  0:41  Drone  
  16  0:46  Hatchery  
  15  0:50  Drone  
  15  0:54  Drone  
  17  0:58  Drone  
  18  1:05  Extractor  
  17  1:14  Spawning Pool  
  17  1:17  Drone  
  17  1:21  Drone  
  18  1:26  Drone  
  19  1:36  Drone  
  20  2:01  Queen  
  20  2:02  Zergling x2, Queen  
  20  2:03  Zergling x2  
  20  2:05  Overlord  
  26  2:19  Drone x2  
  28  2:27  Metabolic Boost  
  28  2:45  Drone  
  28  2:46  Drone x3  
  28  2:47  Drone  
  28  2:48  Overlord  
  33  2:59  Hatchery  
  32  3:08  Drone x2  
  34  3:13  Queen  
  34  3:14  Drone  
  34  3:16  Drone  
  34  3:19  Drone x2  
  40  3:25  Drone x2  
  42  3:41  Overlord  
  42  3:43  Overlord x2  
  42  3:45  Overlord  
  42  3:47  Drone x2  
  44  3:52  Baneling Nest  
  44  3:54  Drone  
  44  3:56  Evolution Chamber  
  43  4:06  Drone x5  
  47  4:10  Lair  
  47  4:14  Extractor x2  
  47  4:15  Extractor  
  44  4:20  Queen  
  44  4:21  Queen  
  48  4:35  Drone x3  
  48  4:37  Drone x4  
  55  4:40  Drone x3  
  55  4:44  Drone x2  
  60  4:46  Zerg Melee Weapons Level 1  
  60  4:56  Evolution Chamber  
  59  5:04  Drone x4  
  59  5:05  Overlord  
  63  5:07  Hatchery  
  63  5:09  Spore Crawler  
  61  5:14  Zergling x8  
  66  5:21  Zergling x10  
  69  5:30  Zergling x8  
  69  5:33  Baneling x6  
  74  5:35  Zergling x2  
  74  5:36  Zergling x2  
  72  5:56  Zergling x14  
  72  5:57  Zergling x4  
  70  6:04  Zergling x18  
  76  6:17  Zergling x6  
  79  6:21  Centrifugal Hooks  
  79  6:22  Zerg Ground Armor Level 1  
  79  6:27  Drone  
  79  6:31  Queen, Infestation Pit  
  81  6:43  Zergling x14  
  81  6:45  Overlord  
  81  6:46  Overlord x3  
  88  6:47  Baneling  
  88  6:48  Baneling x6  
  88  6:59  Overlord  
  79  7:25  Zerg Melee Weapons Level 2  
  79  7:29  Hatchery  
  77  7:30  Hatchery  
  77  7:36  Drone x3  
  77  7:37  Drone  
  75  7:38  Drone x3  
  73  7:45  Zergling x32  
  89  7:56  Baneling x4  
  89  7:57  Baneling x7  
  89  8:05  Overseer  
  89  8:10  Baneling x7  
  76  8:27  Zergling x10, Infestor x4  
  76  8:32  Zergling x2, Drone  
  76  8:33  Drone  
  91  8:47  Zergling x2  
  91  8:48  Zergling x18  
  101  8:50  Baneling  
  101  8:51  Baneling x3  
  101  8:52  Zergling x2  
  101  9:05  Hatchery  
  101  9:09  Zergling x22  
  96  9:20  Queen x2  
  100  9:26  Zergling x10  
  100  9:27  Zergling x8  
  100  9:47  Zergling x26  
Show
View Real Time Build Order
Export as new Build Order

WaLiaN Terran 

Build Orders:  

Get SALT Encoding   

  12  0:00  SCV  
  13  0:13  SCV  
  14  0:17  Supply Depot  
  14  0:25  SCV  
  15  0:39  SCV  
  15  0:41  Barracks  
  16  0:45  Refinery  
  16  0:51  SCV  
  17  1:03  SCV  
  18  1:15  SCV  
  19  1:28  Orbital Command  
  19  1:33  Barracks Reactor  
  19  1:37  Bunker  
  19  1:49  Command Center  
  19  1:53  SCV  
  20  2:00  Supply Depot  
  20  2:05  SCV  
  21  2:12  Marine x2  
  23  2:22  SCV  
  24  2:26  Engineering Bay  
  24  2:32  Barracks  
  24  2:37  Barracks  
  24  2:40  SCV  
  24  2:42  Marine  
  24  2:43  Marine  
  27  2:52  SCV  
  28  3:02  Supply Depot  
  28  3:05  Orbital Command, SCV  
  29  3:11  Terran Infantry Weapons Level 1  
  29  3:18  Barracks Tech Lab  
  29  3:24  Barracks Tech Lab  
  29  3:25  Marine x2  
  31  3:31  Supply Depot  
  31  3:32  SCV x2  
  33  3:43  Stimpack  
  33  3:44  Combat Shield, SCV x2  
  35  3:54  Supply Depot  
  35  3:56  SCV x2  
  35  3:59  Marauder, Marine  
  35  4:00  Marauder  
  35  4:01  Marine  
  43  4:08  SCV  
  43  4:09  SCV  
  45  4:17  Marine  
  45  4:20  SCV  
  45  4:21  Marauder x2, SCV  
  52  4:26  Supply Depot  
  53  4:32  SCV  
  53  4:33  SCV  
  53  4:34  Marine  
  53  4:35  Marine  
  56  4:42  Marauder x2  
  56  4:45  SCV x2  
  62  4:51  Refinery, Supply Depot  
  62  4:53  Refinery  
  62  4:56  Refinery  
  62  4:57  SCV x2  
  64  5:16  SCV  
  65  5:23  Barracks  
  65  5:30  Barracks, Concussive Shells  
  65  5:31  Barracks  
  65  5:32  Marauder x2, Marine x2, Factory  
  65  5:35  SCV  
  72  5:38  Command Center  
  72  5:50  Marine x2  
  72  5:53  Marine x2  
  59  6:07  Marine x2  
  61  6:11  Marauder x2  
  61  6:25  Marine x2  
  59  6:26  Factory Tech Lab  
  59  6:31  Barracks Reactor x2  
  59  6:32  Marauder, Barracks Tech Lab  
  65  6:33  Marauder  
  65  6:43  Marine x2  
  65  6:45  Armory  
  67  6:47  SCV x2  
  67  6:48  Terran Infantry Armor Level 1  
  67  6:52  Marine, Engineering Bay  
  74  6:54  Marauder x2  
  74  7:01  Marine x2  
  74  7:07  Marine  
  77  7:08  Marine x3  
  77  7:09  Marine  
  77  7:15  Marine x2  
  83  7:19  Marine x2  
  85  7:24  Marine  
  85  7:26  Marine  
  85  7:27  Marine x2  
  85  7:28  Marauder  
  91  7:33  Marauder x2  
  91  7:36  Marine  
  91  7:37  Marine  
  95  7:40  SCV x2  
  95  7:41  SCV  
  87  7:49  Marauder  
  89  7:52  SCV  
  89  7:53  Marine x2, SCV x2  
  89  7:54  Marauder  
  89  7:55  Marauder  
  98  8:00  Barracks  
  98  8:02  Barracks  
  98  8:04  SCV  
  98  8:05  SCV  
  100  8:10  Starport  
  100  8:11  Starport  
  100  8:25  Command Center  
  89  8:28  Marauder  
  89  8:29  Marine  
  89  8:30  Marauder  
  86  8:38  Command Center  
  86  9:07  Marauder, Marine x2, SCV  
  86  9:08  SCV  
  86  9:11  Marauder  
  86  9:12  Marauder, Marine  
  86  9:13  Marine  
  86  9:16  Marine x2  
  72  9:20  SCV x2  
  74  9:25  Marine x2  
  74  9:29  Marauder  
  74  9:30  Marine, Medivac x2  
  83  9:32  SCV x2  
  83  9:38  Command Center  
  83  9:40  Marauder x2, Marine x3  
  83  9:43  Marine x2  
  83  9:44  SCV x2  
Tags
 
Matchup
TvZ
Replay Pack
Myownreplay2
Spawn Locations
Cross Positions
Add a new tag
Caveats
  • Supply blocks, unpowered buildings, or Contaminate may cause inaccurate times.
  • Supply counts are checked every 10 seconds.